 Dungeon Crawl Stone Soup version 0.25-a0-413-g3b4b6a4ccc (webtiles) character file.

Game seed: 4218771674384855170, levelgen mode: deterministic

121883 Borgoz the Warrior (level 16, -4/110 HPs)
             Began as a Gargoyle Berserker on Jan 16, 2020.
             Was a High Priest of Trog.
             Slain by a tentacle (8 damage)
             ... attached to a kraken
             ... on level 3 of the Shoals.
             The game lasted 00:59:06 (27382 turns).

Borgoz the Warrior (Gargoyle Berserker)            Turns: 27382, Time: 00:59:06

Health: -4/110     AC: 32    Str: 26    XL:     16   Next: 86%
Magic:  16/16      EV: 17    Int:  6    God:    Trog [*****.]
Gold:   1969       SH:  6    Dex: 10    Spells: 15/15 levels left

rFire    + + .     SeeInvis .   a - +4 eveningstar (protect)
rCold    . . .     Gourm    .   (no shield)
rNeg     + . .     Faith    .   y - +5 ring mail of Haulaluw {rF++ Regen+ Int-4}
rPois    ∞         Spirit   .   E - +1 hat
rElec    +         Reflect  +   I - scarf {repulsion}
rCorr    .         Harm     .   p - +2 pair of gloves
MR       ++...                  O - +1 pair of boots
Stlth    ..........             x - +6 amulet of reflection
HPRegen  0.68/turn              K - +3 ring of strength
MPRegen  0.15/turn              V - ring of protection from magic

@: berserk cooldown, flying, slowed, repel missiles, very slow
A: big wings, negative energy resistance 1, electricity resistance, weak 1,
unbreathing, petrification resistance, rot immunity, AC +12
a: Stop Flying, Berserk, Trog's Hand, Brothers in Arms, Renounce Religion


You were on level 3 of the Shoals.
You worshipped Trog.
Trog was extremely pleased with you.
You were not hungry.

You visited 4 branches of the dungeon, and saw 26 of its levels.
You visited the Abyss 1 time.
You also visited: Ice Cave.

You collected 3332 gold pieces.
You spent 1363 gold pieces at shops.

Inventory:

Hand Weapons
 a - a +4 eveningstar of protection (weapon)
Missiles
 w - 3 throwing nets (quivered)
Armour
 p - a +2 pair of gloves (worn)
 y - the +5 ring mail of Haulaluw (worn) {rF++ Regen+ Int-4}
   (You found it on level 10 of the Dungeon)

   It affects your intelligence (-4).
   It greatly protects you from fire.
   It increases your rate of regeneration.
 E - a +1 hat (worn)
 I - a scarf of repulsion (worn)
 L - the +7 scale mail of the Ageless Coins {SInv}
   (You bought it in a shop on level 11 of the Dungeon)

   It lets you see invisible.
 O - a +1 pair of boots (worn)
Jewellery
 e - the amulet "Kiogejol" {Harm *Drain +Blink MR- Int+6}
   (You found it on level 1 of the Shoals)

   [amulet of harm]

   It increases damage dealt and taken.
   It affects your intelligence (+6).
   It affects your resistance to hostile enchantments.
   It lets you blink.
   It causes draining when unequipped.
 x - a +6 amulet of reflection (around neck)
 B - an uncursed ring of ice
 K - a +3 ring of strength (left hand)
 T - an uncursed ring of protection from fire
 V - a ring of protection from magic (right hand)
Wands
 h - a wand of clouds (3)
 n - a wand of disintegration (21)
 q - a wand of digging (4)
 r - a wand of iceblast (7)
 t - a wand of polymorph (35)
 J - a wand of paralysis (7)
 W - a wand of acid (10)
Scrolls
 d - 11 scrolls of teleportation
 g - 4 scrolls of fog
 j - 4 scrolls of magic mapping
 l - 5 scrolls of immolation
 m - 8 scrolls of remove curse
 o - a scroll of silence
 u - 4 scrolls of enchant weapon
 C - 2 scrolls of enchant armour
 M - 3 scrolls of blinking
Potions
 b - 3 potions of flight {unknown}
 i - 8 potions of degeneration {unknown}
 k - 4 potions of magic {unknown}
 s - a potion of curing
 v - 2 potions of agility
 z - 2 potions of lignification {unknown}
 A - a potion of cancellation {unknown}
 D - 6 potions of haste
 F - 5 potions of might
 G - a potion of heal wounds
 P - a potion of invisibility {unknown}
 Q - a potion of berserk rage {unknown}
 S - 3 potions of resistance
Comestibles
 c - 33 rations
 f - a chunk of flesh


   Skills:
 * Level 15.8 Fighting
 * Level 14.7 Maces & Flails
 * Level 15.7 Armour
 * Level 12.5 Dodging
   Level 5.0 Shields


You had 15 spell levels left.
You didn't know any spells.
Your spell library was empty.

Dungeon Overview and Level Annotations

Branches:
Dungeon (15/15)            Temple (0/1) D:4            Lair (6/6) D:8
 Shoals (3/4) Lair:2        Snake (0/4) Lair:3        Slime (0/5) Lair:6
    Orc (2/2) D:10            Elf (0/3) Orc:2         IceCv (visited)
 Vaults: D:13-14     Depths: D:15

Altars:
Gozag
Kikubaaqudgha
Makhleb
Okawaru
Wu Jian
Xom
The Shining One
Jiyva

Shops:
D:5 [   D:11 [   D:15 !   Orc:2 [*(:

Annotations:
D:12 1 runed translucent door


Innate Abilities, Weirdness & Mutations

You are resistant to torment.
Your stone body is resilient. (AC +12)
You are immune to poison.
Your large and strong wings let you fly indefinitely.
You resist negative energy. (rN+)
You are resistant to electric shocks. (rElec)
You can survive without breathing.
You are immune to petrification.
You are immune to rotting.
You are weak. (Str -2)


Message History

The tentacle slaps you.
The tentacle slaps you but does no damage.
The tentacle barely misses you. You block the tentacle's attack.
The tentacle closely misses you.
The tentacle slaps you but does no damage.
The tentacle slaps you!
* * * LOW HITPOINT WARNING * * *
A tentacle segment bursts forth from the water. x2
The tentacle slaps you!
* * * LOW HITPOINT WARNING * * *
The tentacle slaps you!
* * * LOW HITPOINT WARNING * * *
The tentacle slaps you but does no damage.
You block the tentacle's attack.
The tentacle slaps you but does no damage.
The tentacle closely misses you.
A tentacle segment bursts forth from the water. x4
The tentacle slaps you but does no damage. x3
The tentacle slaps you!
You die...

...#######...#######≈..#
...# ≈≈.≈.≈.(≈).≈≈≈#≈.
...# ..≈...≈....≈≈≈# ..>
...# .).≈≈....(...≈#
≈..≈ ...#
≈≈≈≈..≈.≈.....#.≈..≈
.≈.≈≈≈$≈.≈≈≈.≈#≈...≈
≈≈≈..≈≈≈≈≈≈...#....≈
.≈..≈≈≈≈≈≈≈..†≈....≈
.....≈<≈≈≈w@≈......≈
.≈≈≈≈≈≈≈≈www..≈...≈
≈≈≈≈≈≈≈≈≈≈≈.#....≈
≈≈≈≈≈≈≈%≈≈.#....≈
≈≈≈≈≈≈[[**# .≈.≈
≈≈≈≈≈≈$$*X# .≈≈≈
≈≈≈≈≈[≈≈≈## ≈≈≈
≈≈...≈≈≈## #≈.≈#####


You could see a kraken and 4 tentacles.

Vanquished Creatures
  Nikola (Shoals:1)
  2 bone dragons (Abyss:2)
  A kraken (Shoals:3)
  Gastronok (Orc:1)
  A tentacled starspawn (Abyss:2)
  Louise (D:14)
  An orc warlord (Orc:2)
  Josephine (Lair:6)
  The ghost of Libuhoy the Arsonist, a journeyman DEFE of Vehumet (Lair:4)
  4 merfolk impalers
  A yaktaur captain (D:11)
  Fannar (Lair:1)
  5 hydras
  A centaur warrior (D:15)
  A death knight (D:10)
  9 two-headed ogres
  2 merfolk avatars
  8 death yaks
  A thrashing horror (Abyss:2)
  4 orc high priests (Orc:2)
  A fire crab (Lair:3)
  3 sea snakes
  3 orc knights (Orc:2)
  A deep elf mage (D:13)
  4 harpies (Shoals:2)
  4 manticores
  9 ugly things
  3 oklob plants
  3 orc sorcerers (Orc:2)
  4 cyclopes
  2 centaur zombies
  A large abomination (Abyss:2)
  3 fauns (Shoals:2)
  10 elephants
  2 water nymphs (Shoals:2)
  3 merfolk sirens (Shoals:2)
  A black mamba (Lair:5)
  4 ice statues
  A torpor snail (Lair:2)
  10 spiny frogs
  3 gargoyles
  A smoke demon (Abyss:2)
  4 rime drakes (Lair:4)
  6 komodo dragons
  A hellion (Abyss:2)
  A freezing wraith (Abyss:2)
  2 demonic crawlers (D:13)
  A kobold demonologist (D:8)
  An ancient zyme (Abyss:2)
  A tengu conjurer (D:10)
  15 merfolk
  5 hornets (Lair:6)
  4 trolls
  11 polar bears
  4 slime creatures (D:13)
  13 hippogriffs
  4 snapping turtles
  12 dream sheep
  18 blink frogs
  A flying skull (D:14)
  Sigmund (D:2)
  2 vampires
  12 spriggans
  7 water elementals
  5 wraiths
  A wyvern (D:12)
  2 fire elementals (Lair:3)
  50 yaks
  A fire bat (Lair:3)
  7 vampire mosquitoes
  A steam dragon (Lair:2)
  7 hogs (Shoals:1)
  3 nagas (Lair:3)
  Edmund (D:6)
  A soldier ant (D:11)
  15 water moccasins
  A hell hound (Lair:3)
  Duvessa (D:6)
  9 porcupines
  8 ice beasts
  4 sky beasts
  22 orc warriors
  9 black bears
  A necrophage (D:10)
  5 boggarts (Lair:6)
  3 phantoms
  11 centaurs
  7 ogres
  12 crocodiles
  35 wolves
  7 big kobolds
  19 bullfrogs
  A gnoll sergeant (D:6)
  Dowan (D:6)
  A spiny frog simulacrum (Lair:4)
  2 wyvern skeletons
  4 scorpions
  2 blink frog simulacra (Lair:4)
  A dream sheep simulacrum (Lair:4)
  3 wights (D:10)
  2 howler monkeys (D:11)
  3 crimson imps
  A komodo dragon simulacrum (Lair:4)
  A torpor snail simulacrum (Lair:4)
  2 quasits
  22 orc priests
  8 hounds
  A bullfrog zombie (D:11)
  An iron imp (D:9)
  3 jellies
  19 orc wizards
  4 bullfrog skeletons
  8 iguanas
  Natasha (thrice) (D:2)
  5 worker ants
  A killer bee zombie (D:10)
  A hound zombie (D:10)
  A hound skeleton (D:10)
  2 worker ant zombies
  11 gnolls
  A howler monkey skeleton (D:7)
  7 adders
  A river rat (D:8)
  5 shadow imps
  An adder skeleton (D:4)
  2 worms
  A dart slug (D:4)
  11 leopard geckos
  84 orcs
  9 giant cockroaches
  6 goblins
  6 hobgoblins
  38 kobolds
  6 quokkas
  2 ball pythons
  A bat (D:1)
  2 frilled lizards
  A goblin zombie (D:9)
  2 hobgoblin zombies (D:9)
  A jackal zombie (D:5)
  11 kobold skeletons
  9 kobold zombies
  2 orc skeletons (D:9)
  A quokka skeleton (D:5)
  5 rats
  A bush (Lair:2)
  A fungus (Lair:1)
  6 plants
  4 tentacles (Shoals:3)
838 creatures vanquished.

Vanquished Creatures (collateral kills)
  A rakshasa (D:15)
  Psyche (D:10)
  An orc warrior (D:10)
  An ice beast (D:10)
  5 killer bees (D:10)
  An orc priest (D:10)
  An orc (D:10)
11 creatures vanquished.

Vanquished Creatures (others)
  Kirke (Shoals:1)
  A satyr (Shoals:3)
  A bush (Lair:2)
  A fungus (Lair:1)
  3 plants
  2 starspawn tentacles (Abyss:2)
  4 tentacles (Shoals:3)
13 creatures vanquished.

Grand Total: 862 creatures vanquished

Notes
Turn   | Place    | Note
-------+----------+-------------------------------------------
     0 | D:1      | Borgoz the Gargoyle Berserker began the quest for the Orb.
     0 | D:1      | Reached XP level 1. HP: 14/14 MP: 1/1
   178 | D:1      | Reached XP level 2. HP: 11/19 MP: 2/2
   452 | D:1      | Found a shimmering altar of Xom.
   737 | D:2      | Reached XP level 3. HP: 17/23 MP: 3/3
   758 | D:2      | Reached ** piety under Trog
  1067 | D:2      | Noticed Sigmund
  1093 | D:2      | Killed Sigmund
  1093 | D:2      | Reached XP level 4. HP: 10/30 MP: 4/4
  1093 | D:2      | Reached XP level 5. HP: 11/34 MP: 5/5
  1444 | D:2      | Noticed Natasha
  1449 | D:2      | Killed Natasha
  1449 | D:2      | Reached XP level 6. HP: 31/39 MP: 6/6
  1531 | D:2      | Noticed Natasha
  1536 | D:2      | Killed Natasha
  1699 | D:2      | Noticed Natasha
  1713 | D:2      | Killed Natasha
  1870 | D:2      | Found a faded altar of an unknown god.
  2174 | D:3      | Reached skill level 5 in Fighting
  2426 | D:3      | Reached XP level 7. HP: 32/44 MP: 7/7
  2882 | D:4      | You fall into a shaft and drop 3 floors!
  2894 | D:7      | Reached *** piety under Trog
  3054 | D:7      | Noticed a hippogriff
  3067 | D:7      | Killed a hippogriff
  3067 | D:7      | Reached skill level 5 in Maces & Flails
  3067 | D:7      | Reached skill level 5 in Armour
  3419 | D:7      | Reached XP level 8. HP: 43/51 MP: 8/8
  3973 | D:5      | Entered Level 5 of the Dungeon
  4862 | D:4      | Found a staircase to the Ecumenical Temple.
  5028 | D:4      | Found a burning altar of Makhleb.
  5333 | D:5      | Found Dazyffew's Antique Armour Emporium.
  5344 | D:5      | Bought a glowing hat for 217 gold pieces
  5485 | D:5      | Found an ancient bone altar of Kikubaaqudgha.
  5756 | D:6      | Reached XP level 9. HP: 53/56 MP: 9/9
  5960 | D:6      | Noticed Duvessa
  5960 | D:6      | Noticed Dowan
  5974 | D:6      | Killed Duvessa
  5990 | D:6      | Killed Dowan
  5990 | D:6      | Reached skill level 5 in Dodging
  6175 | D:6      | Found an ornate altar of the Wu Jian Council.
  6570 | D:6      | Noticed Edmund
  6586 | D:6      | Killed Edmund
  6594 | D:6      | Reached **** piety under Trog
  7414 | D:8      | Found an ancient bone altar of Kikubaaqudgha.
  7490 | D:8      | Noticed a death yak
  7490 | D:8      | Noticed a death yak
  7492 | D:8      | Found a staircase to the Lair.
  7492 | D:8      | Noticed a death yak
  7513 | D:8      | Killed a death yak
  7522 | D:8      | Killed a death yak
  7522 | D:8      | Reached XP level 10. HP: 65/65 MP: 10/10
  7527 | D:8      | Killed a death yak
  7674 | D:8      | Got a faintly glowing ring mail
  7685 | D:8      | Identified the cursed +0 ring mail of Sufepoe {Int+5} (You
                  | found it on level 8 of the Dungeon)
  7948 | D:8      | Noticed a kobold demonologist
  7953 | D:8      | Noticed an orange demon
  7964 | D:8      | Noticed a sun demon
  7968 | D:8      | Killed a kobold demonologist
  7976 | D:8      | Reached ***** piety under Trog
  7976 | D:8      | Received a gift from Trog
  8007 | D:8      | Found an ancient bone altar of Kikubaaqudgha.
  8721 | D:9      | Found an iron altar of Okawaru.
  8721 | D:9      | Noticed a two-headed ogre
  8736 | D:8      | Killed a two-headed ogre
  9046 | D:9      | Noticed a two-headed ogre
  9058 | D:9      | Killed a two-headed ogre
  9058 | D:9      | Reached XP level 11. HP: 37/72 MP: 3/11
  9378 | D:9      | Reached skill level 10 in Fighting
  9633 | D:9      | Received a gift from Trog
  9649 | D:9      | Found a glowing golden altar of the Shining One.
  9778 | D:9      | Found an opulent altar of Gozag.
 10203 | D:10     | Entered Level 10 of the Dungeon
 10363 | D:10     | Reached skill level 1 in Shields
 10432 | D:10     | Noticed a two-headed ogre
 10436 | D:10     | Reached skill level 10 in Armour
 10446 | D:10     | Killed a two-headed ogre
 10805 | D:10     | Got a shimmering platinum ring
 10807 | D:10     | Identified the ring "Riavann" {rN+ Int+6} (You found it on
                  | level 10 of the Dungeon)
 10843 | D:10     | Found a staircase to the Orcish Mines.
 10843 | D:10     | Noticed Psyche
 10888 | D:10     | Killed Psyche
 11285 | D:10     | Got an encrusted chain mail
 11288 | D:10     | Noticed a death knight
 11309 | D:10     | Killed a death knight
 11362 | D:10     | Identified the +5 chain mail of Chimes {rPois rCorr Int+7}
                  | (You found it on level 10 of the Dungeon)
 11479 | D:10     | Got a scorched ring mail
 11482 | D:10     | Got a smoking mace
 11483 | D:10     | Identified the +2 mace of Untimely Demise {crush, rF+} (You
                  | found it on level 10 of the Dungeon)
 11495 | D:10     | Identified the +5 ring mail of Haulaluw {rF++ Regen+ Int-4}
                  | (You found it on level 10 of the Dungeon)
 11604 | D:10     | Reached XP level 12. HP: 79/79 MP: 4/12
 11628 | D:10     | Reached skill level 10 in Maces & Flails
 11799 | D:10     | Noticed a two-headed ogre
 11808 | D:10     | Killed a two-headed ogre
 12140 | D:11     | Received a gift from Trog
 12285 | D:11     | Noticed a six-headed hydra
 12290 | D:11     | Found a frozen archway.
 12309 | D:11     | Killed a six-headed hydra
 12328 | D:11     | Found Suwunat's Antique Armour Boutique.
 12336 | D:11     | Bought an encrusted scale mail for 306 gold pieces
 12346 | D:11     | Identified the +7 scale mail of the Ageless Coins {SInv}
                  | (You bought it in a shop on level 11 of the Dungeon)
 12380 | IceCv    | Entered an ice cave
 12809 | IceCv    | HP: 4/80 [ice statue] (10)]
 13085 | IceCv    | Got translucent ice dragon scales
 13151 | D:11     | Identified the +1 ice dragon scales "Rimoschimn" {rF- rC++
                  | rCorr} (You found it in an ice cave)
 13258 | D:11     | Noticed a yaktaur captain
 13281 | D:11     | Killed a yaktaur captain
 13374 | D:11     | Noticed a two-headed ogre
 13385 | D:11     | Killed a two-headed ogre
 13579 | D:12     | Noticed a two-headed ogre
 13591 | D:12     | Killed a two-headed ogre
 13641 | D:12     | Noticed a two-headed ogre
 13652 | D:12     | Killed a two-headed ogre
 13685 | D:12     | You fall into a shaft and drop 3 floors!
 13685 | D:15     | Entered Level 15 of the Dungeon
 13734 | D:15     | Found Edghiadu's Distillery.
 13759 | D:15     | Noticed a rakshasa
 13768 | D:15     | Killed a rakshasa
 13768 | D:15     | Reached XP level 13. HP: 85/85 MP: 10/13
 13939 | D:14     | Noticed Louise
 14160 | D:14     | Cast into level 2 of the Abyss (Louise)
 14160 | Abyss:2  | Found a corrupted altar of Lugonu.
 14188 | Abyss:2  | Noticed a starcursed mass
 14203 | Abyss:2  | Noticed a starcursed mass
 14246 | Abyss:2  | Noticed a tentacled starspawn
 14282 | Abyss:2  | Killed a tentacled starspawn
 14282 | Abyss:2  | Reached skill level 5 in Shields
 14295 | Abyss:2  | Noticed a bone dragon
 14302 | Abyss:2  | Killed a bone dragon
 14351 | Abyss:2  | Noticed a bone dragon
 14362 | Abyss:2  | Killed a bone dragon
 14375 | D:14     | Escaped the Abyss
 14533 | D:14     | Killed Louise
 14592 | D:14     | Reached skill level 10 in Dodging
 14915 | D:14     | Gained mutation: Your large and strong wings let you fly
                  | indefinitely. [Gargoyle growth]
 14915 | D:14     | Reached XP level 14. HP: 92/92 MP: 14/14
 15053 | D:13     | Received a gift from Trog
 15563 | D:12     | Found a glowing golden altar of the Shining One.
 15563 | D:12     | Found a runed translucent door.
 15563 | D:12     | Noticed an angel
 16191 | D:13     | Got a translucent leather armour
 16208 | D:13     | Identified the +2 leather armour of the Little Devil {MR+
                  | Int+5} (You found it on level 13 of the Dungeon)
 16379 | Lair:1   | Entered Level 1 of the Lair of Beasts
 16963 | Lair:1   | Noticed Fannar
 16977 | Lair:1   | Killed Fannar
 17595 | Lair:2   | Received a gift from Trog
 17667 | Lair:2   | Found a staircase to the Shoals.
 17706 | Lair:2   | HP: 4/95 [snapping turtle (17)]
 18449 | Lair:3   | Got a smoking golden ring
 18454 | Lair:3   | Identified the cursed ring "Yzethrore" {rC- MR+ Dex-2
                  | Stlth+} (You found it on level 3 of the Lair of Beasts)
 18698 | Lair:3   | Reached XP level 15. HP: 63/100 MP: 15/15
 18776 | Lair:3   | Found a transporter.
 18809 | Lair:3   | Found a staircase to the Snake Pit.
 18897 | Lair:3   | Found a transporter.
 19378 | Lair:4   | Found a runed translucent gate.
 19378 | Lair:4   | Found a runed translucent gate.
 19378 | Lair:4   | Found a runed translucent gate.
 19755 | Lair:4   | Received a gift from Trog
 19886 | Lair:4   | Noticed Libuhoy's ghost (journeyman DEFE)
 20155 | Lair:4   | Killed Libuhoy's ghost
 20799 | Lair:5   | Received a gift from Trog
 21233 | Lair:6   | Entered Level 6 of the Lair of Beasts
 21507 | Lair:6   | Found a viscous altar of Jiyva.
 21508 | Lair:6   | Found a staircase to the Slime Pits.
 21841 | Lair:6   | Received a gift from Trog
 22111 | Lair:6   | Identified the Disquisition on Dislocated Good Luck
 22450 | Lair:6   | Noticed Josephine
 22459 | Lair:6   | Killed Josephine
 23105 | Orc:1    | Entered Level 1 of the Orcish Mines
 23173 | Orc:2    | Entered Level 2 of the Orcish Mines
 23187 | Orc:2    | Found a staircase to the Elven Halls.
 23305 | Orc:1    | Noticed Gastronok
 23322 | Orc:1    | Killed Gastronok
 23322 | Orc:1    | Reached skill level 15 in Fighting
 23516 | Orc:2    | Found a shimmering altar of Xom.
 23545 | Orc:2    | Received a gift from Trog
 23545 | Orc:2    | Reached XP level 16. HP: 108/108 MP: 16/16
 23765 | Orc:2    | Gained mutation: You are weak. (Str -2) [a neqoxec]
 24184 | Orc:2    | Reached skill level 15 in Armour
 24287 | Orc:2    | Received a gift from Trog
 24584 | Orc:2    | Found Vurumatt's Antique Armour Shoppe.
 24585 | Orc:2    | Found Ytiw's Antique Weapon Shoppe.
 24586 | Orc:2    | Found Iplijor's General Store.
 24586 | Orc:2    | Found Tubb's Book Emporium.
 24806 | Orc:2    | Identified a scroll of acquirement
 24812 | Orc:2    | Bought a shimmering plate armour for 840 gold pieces
 24822 | Orc:2    | Identified the +1 plate armour of the Slorg {MP+9} (You
                  | bought it in a shop on level 2 of the Orcish Mines)
 25024 | Shoals:1 | Entered Level 1 of the Shoals
 25158 | Shoals:1 | Noticed Kirke
 25204 | Shoals:1 | Killed Kirke
 25234 | Shoals:1 | Got a twitching steel amulet
 25254 | Shoals:1 | Identified the amulet "Kiogejol" {Harm *Drain +Blink MR-
                  | Int+6} (You found it on level 1 of the Shoals)
 25655 | Shoals:1 | Noticed Nikola
 25690 | Shoals:1 | Killed Nikola
 26174 | Shoals:2 | Received a gift from Trog
 27325 | Shoals:3 | Noticed a kraken
 27346 | Shoals:3 | Killed a kraken
 27363 | Shoals:3 | Noticed a kraken
 27381 | Shoals:3 | HP: 3/110 [tentacle[a kraken] (14)]
 27382 | Shoals:3 | Slain by a tentacle

Levels and vault maps discovered:
D:1:      wander_arrival_peaceful_grave, layout_loops_ring, xom_teletrap_fun
D:2:      minmay_door_path, layout_basic, chequers_ecumenical_altar_twisty,
          dk_noncrumbling_3, uniq_sigmund, uniq_natasha
D:3:      layout_basic
D:4:      layout_loops_ring, makhleb_blood_cavern_becter,
          minmay_temple_entry_poolview
D:5:      layout_gridville, first_ration, basic_altar, serial_shops,
          nicolae_shop_waterfront
D:6:      layout_layer_cave, kennysheep_little_box,
          minmay_misc_feat_four_crosses, uniq_duvessa, uniq_edmund
D:7:      layout_loops_cross, the_bakery, minmay_misc_feat_alley
D:8:      wander_kiku_kobolds, layout_basic, lemuel_crystal_altar,
          dpeg_lair_monsters, minmay_misc_feat_pillars
D:9:      layout_roguey, nicolae_tso_besieged_by_evil, lemuel_crystal_altar,
          kennysheep_okawaru_gauntlet
D:10:     minmay_the_grid_plus_closed [minmay_the_grid_odd_star,
          minmay_the_grid_all_tris, minmay_the_grid_aliased_spiral,
          minmay_the_grid_tiny_cups, minmay_the_grid_prize_trominoes],
          layout_loops_corners, david_orc_3, uniq_psyche
D:11:     layout_rooms, portal_ice_cave_entry_pillars_1, serial_shops, shop,
          kennysheep_just_a_vault
D:12:     layout_cave_pools, lemuel_angel_altar
D:13:     lemuel_ice_statue, layout_long_grid, einodemon_crawler_minivault
D:14:     layout_small_grid, david_vaults_1, fedhas_altar_4,
          minmay_guarded_unrand_skullcrusher, uniq_louise
D:15:     grunt_enter_depths_hoard, layout_loops_cross, serial_shops,
          shop_statue, shop, shop_statue, abandoned_shop,
          ebering_dispersal_statue_hall
Lair:1:   beast_lair_carwin_large_1, layout_small_grid,
          minmay_lair_oklob_chamber, uniq_fannar
Lair:2:   layout_roguey, minmay_shoals_entry_hut, wad_woods_06,
          small_statue_intersection, st_stairs_11, lemuel_fruit_fields
Lair:3:   gammafunk_cloud_chamber, layout_long_grid,
          guppyfry_snake_entry_garden, lemuel_fruit_fields
Lair:4:   layout_small_grid, gammafunk_ghost_icy, serial_bayou_pond_a,
          chequers_serial_rivers_small_3
Lair:5:   layout_roguey, lemuel_fruit_fields, grunt_megastairs_4
Lair:6:   minmay_lair_end_enchanted_forest, layout_regular_city, slime_altar_1,
          chequers_serial_rivers_marsh, uniq_josephine
Shoals:1: layout_shoals, uniq_nikola, uniq_kirke
Shoals:2: layout_shoals
Shoals:3: layout_shoals, nicolae_shoals_kraken_party
Orc:1:    layout_caves, uniq_gastronok
Orc:2:    st_orc_congregation, layout_caves, basic_altar,
          nicolae_orc_stony_grotto

Skill      XL: |  1  2  3  4  5  6  7  8  9 10 11 12 13 14 15 16 |
---------------+-------------------------------------------------+-----
Dodging        | 2 3 4 6 7 8 9 10 11 12 | 12.5
Fighting       | 4 5 6 8 9 10 11 12 14 15 | 15.8
Maces & Flails | 4 5 6 7 9 10 12 13 14 | 14.7
Armour         | 3 4 5 6 8 9 10 11 12 13 14 15 | 15.7
Shields        | 2 4 5 |  5.0

Action                   |  1- 3 |  4- 6 |  7- 9 | 10-12 | 13-15 | 16-18 || total
-------------------------+-------+-------+-------+-------+-------+-------++-------
Melee: Mace              |   127 |    19 |       |       |       |       ||   146
       Flail             |       |   105 |   344 |       |       |       ||   449
       Unarmed           |       |    11 |       |       |       |     7 ||    18
       Morningstar       |       |       |   136 |   158 |       |       ||   294
       Dire flail        |       |       |       |   246 |   104 |       ||   350
       Demon whip        |       |       |       |   652 |       |       ||   652
       Eveningstar       |       |       |       |       |  1481 |   577 ||  2058
       Great mace        |       |       |       |       |    12 |       ||    12
Invok: Berserk           |     1 |     2 |     7 |     6 |    13 |     9 ||    38
       Trog's Hand       |       |       |     1 |     3 |     1 |     1 ||     6
       Brothers in Arms  |       |       |     1 |     3 |     1 |     1 ||     6
 Abil: Fly               |       |       |       |       |     1 |       ||     1
Evoke: Wand              |       |       |     1 |     5 |     3 |       ||     9
  Use: Scroll            |       |       |     1 |    16 |     8 |     8 ||    33
       Potion            |       |       |       |     2 |       |     4 ||     6
 Stab: Petrified         |       |       |       |       |     1 |       ||     1
  Eat: Chunk             |     1 |     7 |    23 |    23 |    43 |    20 ||   117
       Ration            |       |       |       |     2 |     1 |     1 ||     4
Armor: Animal skin       |     6 |       |       |       |       |       ||     6
       Ring mail         |    33 |    70 |     6 |   175 |   973 |   315 ||  1572
       Skin              |       |     2 |       |       |       |       ||     2
       Scale mail        |       |       |   121 |       |       |       ||   121
       Chain mail        |       |       |   234 |   504 |       |       ||   738
Dodge: Dodged            |    65 |    81 |   231 |   627 |  1320 |   408 ||  2732
       Deflected         |       |       |       |       |     5 |    24 ||    29
Block: Buckler           |       |    30 |   136 |   256 |       |       ||   422
       Other             |       |       |       |       |   473 |   178 ||   651
       Reflection        |       |       |       |       |     5 |    10 ||    15

Table legend:
 A = Non-vault XP
 B = Vault XP
 C = Vault XP percentage of total XP
 D = Non-vault monster count
 E = Vault monster count
 F = Vault count percentage of total count
                 A         B        C        D         E       F
            +---------+---------+-------+---------+---------+-------
      Total |  113890 |   60229 |  34.6 |     562 |     277 |  33.0
            +---------+---------+-------+---------+---------+-------
        D:1 |      27 |       0 |   0.0 |      15 |       0 |   0.0
        D:2 |     134 |     271 |  66.9 |      24 |       5 |  17.2
        D:3 |     225 |       0 |   0.0 |      23 |       0 |   0.0
        D:4 |     181 |      43 |  19.2 |      13 |       1 |   7.1
        D:5 |     591 |       0 |   0.0 |      15 |       0 |   0.0
        D:6 |     602 |     386 |  39.1 |      15 |       3 |  16.7
        D:7 |    1368 |     215 |  13.6 |      32 |       1 |   3.0
        D:8 |    1433 |    3445 |  70.6 |      17 |      57 |  77.0
        D:9 |    3158 |      51 |   1.6 |      31 |      10 |  24.4
       D:10 |    3544 |    4842 |  57.7 |      31 |      24 |  43.6
       D:11 |    3511 |    1006 |  22.3 |      27 |       1 |   3.6
       D:12 |    3468 |       0 |   0.0 |      10 |       0 |   0.0
       D:13 |    8197 |    1313 |  13.8 |      37 |       4 |   9.8
       D:14 |    5830 |    2835 |  32.7 |      16 |       3 |  15.8
       D:15 |    3650 |     614 |  14.4 |      10 |       2 |  16.7
     Lair:1 |    3957 |    3918 |  49.8 |      23 |      12 |  34.3
     Lair:2 |    6549 |    1136 |  14.8 |      25 |       3 |  10.7
     Lair:3 |    7477 |    1989 |  21.0 |      25 |       8 |  24.2
     Lair:4 |    3761 |    2897 |  43.5 |      18 |      11 |  37.9
     Lair:5 |   13019 |       0 |   0.0 |      38 |       0 |   0.0
     Lair:6 |    4995 |   11239 |  69.2 |      24 |      55 |  69.6
   Shoals:1 |    4661 |    5915 |  55.9 |      13 |       9 |  40.9
   Shoals:2 |   18185 |       0 |   0.0 |      40 |       0 |   0.0
   Shoals:3 |    3080 |    2354 |  43.3 |       5 |       1 |  16.7
      Orc:1 |     264 |    2255 |  89.5 |       4 |       1 |  20.0
      Orc:2 |     985 |   10561 |  91.5 |      21 |      55 |  72.4
    Abyss:2 |   11038 |       0 |   0.0 |      10 |       0 |   0.0
      IceCv |       0 |    2944 | 100.0 |       0 |      11 | 100.0
            +---------+---------+-------+---------+---------+-------
